 Dungeon Crawl Stone Soup version 0.26.1-11-gd32895ea62 (webtiles) character file.

Game seed: 9123762067368460198

70397 MisterFreud the Brawler (level 14, -2/130 (143) HPs)
             Began as a Troll Monk on Apr 26, 2021.
             Slain by a death ooze (15 damage)
             ... on level 1 of the Pits of Slime.
             The game lasted 00:41:10 (20968 turns).

MisterFreud the Brawler (Troll Monk)               Turns: 20968, Time: 00:41:11

HP:   -2/130 (143)  AC: 16    Str: 21    XL:     14   Next: 93%
MP:   11/11         EV: 14    Int: 10    God:
Gold: 2646          SH: 16    Dex: 11    Spells: 13/13 levels left

rFire    . . .     SeeInvis +     - Unarmed
rCold    . . .     Faith    .   R - +0 kite shield
rNeg     . . .     Spirit   .   N - +2 robe {Will+}
rPois    .         Reflect  +   Y - +3 crown of Dyrovepreva {rElec Int+2 SInv}
rElec    +         Harm     .   n - +1 cloak "Kysucool" {Int+2}
rCorr    +         Rampage  .   (gloves unavailable)
Will     ++...                  (boots unavailable)
Stlth    +.........             I - amulet of reflection
HPRegen  0.71/turn              L - +4 ring of protection
MPRegen  0.12/turn              A - ring of resist corrosion

@: drained
A: large, unfitting armour, claws 3, clumsy 2, deformed body, low mp 1,
regeneration 1, shaggy fur 1, tough skin 3, weak 1
a: no special abilities


You were on level 1 of the Pits of Slime.
You visited 4 branches of the dungeon, and saw 22 of its levels.
You also visited: Gauntlet.

You collected 2811 gold pieces.
You spent 165 gold pieces at shops.

Inventory:

Missiles
 v - 6 silver boomerangs
 B - 16 javelins
 G - 15 boomerangs
 O - 16 silver javelins
 P - a throwing net
 U - 4 large rocks (quivered)
Armour
 n - the +1 cloak "Kysucool" (worn) {Int+2}
   (You found it in a Gauntlet)

   It affects your intelligence (+2).
 N - a +2 robe of willpower (worn)
 R - a +0 kite shield (worn)
 Y - the +3 crown of Dyrovepreva (worn) {rElec Int+2 SInv}
   (You found it on level 13 of the Dungeon)

   It affects your intelligence (+2).
   It insulates you from electricity.
   It lets you see invisible.
Jewellery
 d - an uncursed ring of poison resistance
 h - an uncursed ring of protection from fire
 s - an uncursed amulet of faith
 z - a +4 ring of evasion
 A - a ring of resist corrosion (right claw)
 H - an uncursed amulet of regeneration
 I - an amulet of reflection (around neck)
 L - a +4 ring of protection (left claw)
 Z - the ring "Jehikom" {rF+ rC+ Int+3}
   (You took it off a minotaur in a Gauntlet)

   [ring of protection from cold]

   It affects your intelligence (+3).
   It protects you from fire.
   It protects you from cold.
Wands
 l - a wand of iceblast (29)
 o - a wand of digging (4)
 x - a wand of disintegration (43)
 E - a wand of acid (22)
 J - a wand of enslavement (15)
 K - a wand of paralysis (19)
 X - a wand of polymorph (29)
Scrolls
 c - 4 scrolls of magic mapping
 e - 14 scrolls of remove curse
 f - 5 scrolls of fog
 p - 11 scrolls of teleportation
 t - 6 scrolls of fear
 T - 5 scrolls of identify
 V - 3 scrolls of blinking
 W - a scroll of silence {unknown}
Potions
 a - 3 potions of heal wounds
 b - a potion of berserk rage
 i - 2 potions of cancellation
 j - 7 potions of curing
 k - 5 potions of lignification
 m - 4 potions of mutation
 q - 4 potions of might
 r - 2 potions of haste
 u - a potion of brilliance
 w - 5 potions of attraction
 C - 4 potions of flight
 F - a potion of ambrosia
 M - a potion of resistance
 S - a potion of invisibility
Miscellaneous
 g - a box of beasts
 y - a box of beasts
 D - a phial of floods
 Q - a condenser vane


   Skills:
 - Level 10.0 Fighting
 - Level 8.0 Throwing
 - Level 10.0 Dodging
 - Level 1.0 Stealth
 - Level 9.0 Shields
 - Level 15.0 Unarmed Combat
 + Level 5.8 Evocations


You had 13 spell levels left.
You didn't know any spells.
Your spell library contained the following spells:

 Spells                   Type           Power        Failure   Level
 Animate Skeleton         Necr           0%           36%         1
 Apportation              Tloc           0%           36%         1
 Corona                   Hex            0%           36%         1
 Freeze                   Ice            0%           36%         1
 Sandblast                Erth           0%           36%         1
 Summon Small Mammal      Summ           0%           36%         1
 Passwall                 Tmut/Erth      0%           50%         2
 Poisonous Vapours        Pois/Air       0%           50%         2
 Sublimation of Blood     Necr           0%           50%         2
 Confusing Touch          Hex            0%           75%         3
 Conjure Flame            Conj/Fire      0%           75%         3
 Frozen Ramparts          Ice            0%           75%         3
 Gell's Gravitas          Tloc           0%           75%         3
 Ignite Poison            Fire/Tmut/Pois 0%           75%         3
 Mephitic Cloud           Conj/Pois/Air  0%           75%         3
 Ozocubu's Armour         Ice            0%           75%         3
 Stone Arrow              Conj/Erth      0%           75%         3
 Hailstorm                Conj/Ice       0%           98%         4
 Ice Form                 Ice/Tmut       0%           98%         4
 Petrify                  Tmut/Erth      0%           98%         4
 Summon Ice Beast         Ice/Summ       0%           98%         4
 Alistair's Intoxication  Tmut/Pois      0%           100%        5
 Irradiate                Conj/Tmut      0%           100%        5
 Lee's Rapid Deconstruct  Erth           0%           100%        5
 Metabolic Englaciation   Hex/Ice        0%           100%        5
 Yara's Violent Unravell  Hex/Tmut       0%           100%        5
 Eringya's Noxious Bog    Tmut/Pois      0%           100%        6
 Freezing Cloud           Conj/Ice/Air   0%           100%        6
 Ozocubu's Refrigeration  Ice            0%           100%        6
 Simulacrum               Ice/Necr       0%           100%        6


Dungeon Overview and Level Annotations

Branches:
Dungeon (13/15)            Temple (1/1) D:4            Lair (6/6) D:11
 Shoals (0/4) Lair:3        Snake (0/4) Lair:2        Slime (2/5) Lair:6
    Orc (0/2) D:9         Gauntlet (visited)
 Vaults: D:13-14

Altars:
Ashenzari
Cheibriados
Dithmenos
Elyvilon
Fedhas
Gozag
Hepliaklqana
Kikubaaqudgha
Makhleb
Nemelex Xobeh
Okawaru
Qazlal
Ru
Sif Muna
Trog
Uskayaw
Vehumet
Wu Jian
Xom
Yredelemnul
Zin
The Shining One

Shops:
D:12 *   D:13 }

Portals:
Trove: D:10 (give 4 potions of resistance)

Annotations:
D:7 2 transporters, ZZKoverts's ghost, novice GrEE
D:9 2 transporters, exclusion: oklob plant, Darold's ghost, novice PaFi
D:10 2 runed translucent doors
D:12 exclusion: orange crystal statue
Lair:3 exclusion: 4 oklob plants


Innate Abilities, Weirdness & Mutations

You are too large for most types of armour.
You have claws for hands.
Your natural rate of healing is unusually fast.
You are covered in fur. (AC +1)
You have extremely tough skin. (AC +3)
You are very clumsy. (Dex -4)
Armour fits poorly on your strangely shaped body.
Your magical capacity is low. (-10% MP)
You are weak. (Str -2)


Message History

The death ooze closely misses you. You block the death ooze's attack.
The death ooze hits you but does no damage.
You block the death ooze's attack.
Unknown command.
Unknown command.
Unknown command.
Unknown command.
Unknown command.
You feel much better.
The death ooze hits you but does no damage.
You block the death ooze's attack. x2; The death ooze barely misses you. x2
You block the death ooze's attack.
Unknown command.
You scratch the death ooze but do no damage.
You block the death ooze's attack. The death ooze barely misses you.
You block the death ooze's attack. The death ooze hits you.
The death ooze hits you!!
* * * LOW HITPOINT WARNING * * *
The death ooze hits you!
You die...

#..............#.#.....#.
##...........##.#.#....#.
##..#......#..........#..
#.........#.......##.###.
##.........#......# ## #
##............#.##
#.............# #
##............### #
#......@J.......#..#
#......JJ............
#..............#.#..#
##.............##...#
#...............##.##
#............#.######
##...............##.###
#......#.............##
#......#.#............#


You could see 3 death oozes.

Vanquished Creatures
  2 acid blobs (Slime:1)
  Nessos (Lair:6)
  A minotaur (Gauntlet)
  A death ooze (Slime:1)
  Josephine (Lair:6)
  Harold (D:10)
  4 hydras
  2 boulder beetles (D:13)
  2 catoblepae
  A centaur warrior (D:13)
  2 two-headed ogres
  A deep troll shaman (Lair:6)
  A tengu warrior (D:13)
  14 death yaks
  An unseen horror (D:10)
  2 ugly things
  A deep elf mage (D:12)
  A cyclops (D:12)
  A shining eye (Lair:6)
  Maurice (D:10)
  18 elephants
  Joseph (D:7)
  8 black mambas
  3 centaur skeletons
  A torpor snail (Lair:3)
  14 cane toads
  A gargoyle (D:12)
  3 rime drakes
  An efreet (Gauntlet)
  10 komodo dragons
  2 trolls
  A hornet (D:7)
  3 polar bears
  16 slime creatures
  2 raiju (Gauntlet)
  13 blink frogs
  4 dream sheep (Lair:6)
  16 yaks
  3 shadows
  A spriggan (Lair:3)
  5 wyverns
  5 wraiths (Lair:6)
  7 basilisks
  2 fire elementals (Gauntlet)
  4 golden eyes
  A steam dragon (D:11)
  The ghost of kthxbai the Insei, an amateur OpTm of Cheibriados (D:4)
  2 soldier ants (D:13)
  A hell hound (Gauntlet)
  An acid dragon (D:13)
  16 water moccasins
  4 sky beasts
  5 orc warriors
  A black bear (Lair:2)
  2 hornet zombies
  3 necrophages
  2 phantoms
  4 ogres
  10 wolves
  18 centaurs
  3 big kobolds
  Blork the orc (D:6)
  22 bullfrogs
  15 wights
  6 killer bees (D:11)
  An electric eel (Lair:1)
  A quasit (D:11)
  3 bullfrog zombies
  3 centaur zombies
  A bullfrog skeleton (D:10)
  8 hounds
  3 jellies
  12 orc priests
  12 orc wizards
  3 iguanas
  A lightning spire (Gauntlet)
  5 worker ants
  A hound skeleton (D:8)
  3 gnolls (D:4)
  8 adders
  2 shadow imps
  3 white imps
  An ufetubus (D:7)
  2 oozes
  An adder skeleton (D:7)
  5 worms
  A dart slug (D:3)
  9 leopard geckos
  39 orcs
  3 ball pythons
  2 giant cockroaches
  13 goblins
  7 hobgoblins
  9 jackals
  23 kobolds
  3 quokkas
  9 bats
  7 frilled lizards
  A jackal zombie (D:4)
  5 rats
513 creatures vanquished.

Vanquished Creatures (others)
  19 fungi
  27 plants
46 creatures vanquished.

Grand Total: 559 creatures vanquished

Notes
Turn   | Place    | Note
-------+----------+-------------------------------------------
     0 | D:1      | MisterFreud the Troll Monk began the quest for the Orb.
     0 | D:1      | Reached XP level 1. HP: 22/22 MP: 0/0
   243 | D:1      | Reached XP level 2. HP: 29/29 MP: 1/1
   401 | D:1      | Reached skill level 4 in Unarmed Combat
   804 | D:2      | Reached XP level 3. HP: 34/36 MP: 2/2
   906 | D:2      | Found a stormy altar of Qazlal.
  1260 | D:2      | Reached XP level 4. HP: 44/44 MP: 3/3
  1420 | D:2      | Found a sacrificial altar of Ru.
  1495 | D:3      | Reached skill level 5 in Unarmed Combat
  1659 | D:2      | Found a sparkling altar of Nemelex Xobeh.
  1659 | D:2      | Found a glowing silver altar of Zin.
  1659 | D:2      | Found a hazy altar of Hepliaklqana.
  2438 | D:4      | Found a staircase to the Ecumenical Temple.
  2509 | D:4      | Found a runed translucent gate.
  2509 | D:4      | Found a runed translucent gate.
  2509 | D:4      | Found a runed translucent gate.
  2514 | D:4      | Noticed kthxbai's ghost (amateur OpTm)
  2559 | Temple   | Entered the Ecumenical Temple
  2770 | D:4      | Reached XP level 5. HP: 34/50 MP: 4/4
  2774 | D:4      | Reached skill level 6 in Unarmed Combat
  3220 | D:4      | Killed kthxbai's ghost
  3221 | D:4      | Reached XP level 6. HP: 51/59 MP: 5/5
  3308 | D:5      | Entered Level 5 of the Dungeon
  3384 | D:5      | Found a radiant altar of Vehumet.
  3439 | D:5      | Reached skill level 7 in Unarmed Combat
  3539 | D:5      | Found a hide-covered altar of Uskayaw.
  3612 | D:5      | Noticed a water moccasin
  3620 | D:5      | Killed a water moccasin
  3621 | D:5      | Reached skill level 8 in Unarmed Combat
  3621 | D:5      | Reached XP level 7. HP: 64/66 MP: 6/6
  3659 | D:5      | Found a shimmering blue altar of Sif Muna.
  4565 | D:6      | Reached skill level 1 in Throwing
  4766 | D:6      | Noticed Blork the orc
  4775 | D:6      | Killed Blork the orc
  4776 | D:6      | Reached XP level 8. HP: 74/78 MP: 7/7
  5193 | D:7      | Noticed Joseph
  5217 | D:7      | Killed Joseph
  5218 | D:7      | Reached skill level 5 in Dodging
  5540 | D:7      | Reached XP level 9. HP: 81/84 MP: 8/8
  5701 | D:7      | Reached skill level 9 in Unarmed Combat
  5819 | D:7      | Noticed ZZKoverts's ghost (novice GrEE)
  5841 | D:7      | Found a transporter.
  5846 | D:7      | Found a transporter.
  6169 | D:8      | Reached skill level 10 in Unarmed Combat
  6536 | D:9      | Noticed a two-headed ogre
  6546 | D:9      | Killed a two-headed ogre
  6547 | D:9      | Reached skill level 11 in Unarmed Combat
  6561 | D:9      | Noticed Darold's ghost (novice PaFi)
  6580 | D:9      | Found a transporter.
  6700 | D:9      | Reached XP level 10. HP: 89/92 MP: 9/9
  6779 | D:9      | Found a transporter.
  6825 | D:9      | Found a staircase to the Orcish Mines.
  6922 | D:9      | Noticed an oklob plant
  6977 | D:9      | Reached skill level 12 in Unarmed Combat
  7608 | D:10     | Entered Level 10 of the Dungeon
  7650 | D:10     | Reached skill level 5 in Fighting
  7650 | D:10     | Reached skill level 1 in Evocations
  7679 | D:10     | Found a runed translucent door.
  7680 | D:10     | Found the +2 shield of Resistance {rF++ rC++ Will++}
  7680 | D:10     | Noticed a fire dragon
  7680 | D:10     | Noticed a fire dragon
  7681 | D:10     | Noticed an ice dragon
  7681 | D:10     | Noticed an ice dragon
  7695 | D:10     | Found a runed translucent door.
  7792 | D:10     | Noticed Maurice
  7818 | D:10     | Killed Maurice
  7952 | D:10     | Killed an unseen horror
  8392 | D:10     | Noticed Harold
  8402 | D:10     | Killed Harold
  8403 | D:10     | Reached XP level 11. HP: 57/107 MP: 10/10
  8632 | D:10     | Found a portal to a secret trove of treasure.
  9177 | D:11     | Noticed a purple ugly thing
  9189 | D:11     | Killed a purple ugly thing
  9387 | D:11     | Noticed a two-headed ogre
  9397 | D:11     | Killed a two-headed ogre
  9398 | D:11     | Reached skill level 5 in Evocations
  9808 | D:11     | Reached skill level 5 in Throwing
  9975 | D:11     | Found a staircase to the Lair.
 10368 | D:12     | Found Viokit's General Store.
 10371 | D:12     | Bought a wand of paralysis (9) for 165 gold pieces
 10435 | D:12     | Noticed a deep elf mage
 10462 | D:12     | Killed a deep elf mage
 10463 | D:12     | Reached skill level 1 in Shields
 10706 | D:12     | Noticed a green ugly thing
 10719 | D:12     | Killed a green ugly thing
 10950 | D:12     | Noticed an orange crystal statue
 11262 | D:12     | Reached XP level 12. HP: 81/119 MP: 11/11
 11817 | D:13     | Noticed a boulder beetle
 11830 | D:13     | Killed a boulder beetle
 12033 | D:13     | Noticed a tengu warrior
 12057 | D:13     | Killed a tengu warrior
 12081 | D:13     | Noticed a centaur warrior
 12086 | D:13     | Found the +3 crown of Dyrovepreva {rElec Int+2 SInv}
 12095 | D:13     | Killed a centaur warrior
 12096 | D:13     | Reached skill level 5 in Shields
 12382 | D:13     | Found Diriegar's Gadget Boutique.
 12617 | D:13     | Noticed a boulder beetle
 12648 | D:13     | Killed a boulder beetle
 12980 | Lair:1   | Entered Level 1 of the Lair of Beasts
 14296 | Lair:2   | Found a staircase to the Snake Pit.
 14501 | Lair:2   | Reached XP level 13. HP: 117/127 MP: 12/12
 14612 | Lair:2   | You fall into a shaft and drop 1 floor!
 15065 | Lair:3   | Found a gate leading to a gauntlet.
 15151 | Gauntlet | Entered a Gauntlet
 15151 | Gauntlet | Found a transporter.
 15154 | Gauntlet | Found a transporter.
 15172 | Gauntlet | Found a transporter.
 15175 | Gauntlet | Found a transporter.
 15179 | Gauntlet | Found a transporter.
 15179 | Gauntlet | Found a transporter.
 15182 | Gauntlet | Found a runed translucent door.
 15190 | Gauntlet | Found a runed translucent door.
 15192 | Gauntlet | Found a transporter.
 15193 | Gauntlet | Found a transporter.
 15215 | Gauntlet | Found a transporter.
 15230 | Gauntlet | Found a transporter.
 15234 | Gauntlet | Found a transporter.
 15236 | Gauntlet | Found a runed translucent gate.
 15236 | Gauntlet | Found a runed translucent gate.
 15236 | Gauntlet | Found a runed translucent gate.
 15245 | Gauntlet | Found a transporter.
 15366 | Gauntlet | Got a bloodstained cloak
 15377 | Gauntlet | Identified the +1 cloak "Kysucool" {Int+2} (You found it in
                  | a Gauntlet)
 15416 | Gauntlet | Identified the ring "Jehikom" {rF+ rC+ Int+3}
 15416 | Gauntlet | Noticed a minotaur
 15429 | Gauntlet | Killed a minotaur
 15452 | Gauntlet | Got a heavy robe
 15463 | Gauntlet | Identified the +1 robe of Kisch {Str+3 Stlth+} (You found
                  | it in a Gauntlet)
 15717 | Lair:3   | Found a staircase to the Shoals.
 16665 | Lair:5   | Reached skill level 13 in Unarmed Combat
 17359 | Lair:5   | Reached XP level 14. HP: 141/141 MP: 13/13
 17877 | Lair:6   | Entered Level 6 of the Lair of Beasts
 17978 | Lair:6   | Found a staircase to the Slime Pits.
 18094 | Lair:6   | Found a dark tunnel.
 18183 | Lair:6   | Reached skill level 10 in Fighting
 18537 | Lair:6   | Noticed Nessos
 18542 | Lair:6   | Killed Nessos
 18545 | Lair:6   | Reached skill level 14 in Unarmed Combat
 18947 | Lair:6   | Noticed Josephine
 18963 | Lair:6   | Killed Josephine
 19647 | Lair:4   | Identified a scroll of acquirement
 19648 | Lair:4   | Acquired 757 gold pieces
 20002 | Slime:1  | Entered Level 1 of the Pits of Slime
 20013 | Lair:6   | Gained mutation: You are weak. (Str -2) [a shining eye]
 20015 | Lair:6   | Gained mutation: Your magical capacity is low. (-10% MP) [a
                  | shining eye]
 20017 | Lair:6   | Gained mutation: You are clumsy. (Dex -2) [a shining eye]
 20021 | Lair:6   | Gained mutation: Armour fits poorly on your strangely
                  | shaped body. [a shining eye]
 20024 | Lair:6   | Gained mutation: You are very clumsy. (Dex -4) [a shining
                  | eye]
 20150 | Lair:6   | Reached skill level 10 in Dodging
 20374 | Slime:1  | Noticed an acid blob
 20385 | Slime:1  | Killed an acid blob
 20386 | Slime:1  | Reached skill level 15 in Unarmed Combat
 20627 | Slime:2  | Noticed an acid blob
 20627 | Slime:2  | Noticed an acid blob
 20802 | Slime:1  | Killed an acid blob
 20968 | Slime:1  | Slain by a death ooze

Illustrated notes

Levels and vault maps discovered:
D:1:      lightli_arrival_quake, layout_basic
D:2:      layout_basic, old_standard_altar, nicolae_overflow_hidden_temple
D:3:      layout_loops_ring
D:4:      layout_layer_cave, minmay_temple_entry_glass, gammafunk_ghost_split
D:5:      layout_basic, lemuel_round_altar, marbit_many_paths,
          lemuel_crystal_altar
D:6:      layout_basic, uniq_blork_the_orc
D:7:      layout_basic, gammafunk_ghost_hive, serial_bayou_crossing, uniq_joseph
D:8:      layout_basic
D:9:      layout_long_grid, orc_0_dummy, nzn_ghost_randoct,
          nicolae_zen_rock_garden
D:10:     layout_loops_cross, enter_trove_6, chequers_serial_rivers_small_3,
          minmay_guarded_unrand_resistance, uniq_harold, uniq_maurice
D:11:     layout_basic, erik_lair_dragon
D:12:     layout_stronghold, serial_shops, kennysheep_mini_moat, minivault_16
D:13:     layout_irregular_city, serial_shops, nicolae_shop_crystal
Temple:   nicolae_temple_great_sept
Lair:1:   layout_chaotic_city, nzn_random_ring, grunt_megastairs_2,
          infiniplex_staircase_pool, lemuel_fruit_fields
Lair:2:   layout_gridlike, dummy_snake_entry, grunt_megastairs_3
Lair:3:   layout_regular_city, minmay_shoals_entry_centaurs,
          gauntlet_entry_generic, grunt_forest_large_clearing_hut,
          minmay_lair_oklob_chamber
Lair:4:   nzn_winding_woodlands_three_and_one
          [nzn_winding_woodlands_5x15_sidewinder,
          nzn_winding_woodlands_5x15_cabin, nzn_winding_woodlands_5x15_default,
          nzn_winding_woodlands_center_lodge], layout_loops_ring,
          minmay_shattered_shrine
Lair:5:   layout_cave_pods
Lair:6:   grunt_lair_end_beastmaster, layout_regular_city, slime_dummy,
          nicolae_volcano_entry_two_sided, uniq_nessos, uniq_josephine
Slime:1:  layout_caves
Slime:2:  layout_caves, nicolae_slime_welcoming_committee

Skill      XL: |  1  2  3  4  5  6  7  8  9 10 11 12 13 14 |
---------------+-------------------------------------------+-----
Unarmed Combat | 4 5 6 8 11 12 13 15 | 15.0
Fighting       | 3 4 6 8 9 10 | 10.0
Dodging        | 3 6 8 10 | 10.0
Throwing       | 2 4 7 8 |  8.0
Evocations     | 4 5 |  5.8
Shields        | 3 9 |  9.0
Stealth        | |  1.0

Action                   |  1- 3 |  4- 6 |  7- 9 | 10-12 | 13-15 || total
-------------------------+-------+-------+-------+-------+-------++-------
Melee: Unarmed           |   108 |   115 |   210 |   723 |   797 ||  1953
       Punch             |       |     2 |    12 |    18 |       ||    32
Throw: Dart              |       |       |     2 |       |       ||     2
       Boomerang         |       |       |       |    11 |       ||    11
       Large rock        |       |       |       |       |    14 ||    14
Evoke: Wand              |       |       |       |       |     4 ||     4
  Use: Scroll            |       |    10 |       |    18 |    10 ||    38
       Potion            |       |       |       |     1 |     1 ||     2
 Stab: Distracted        |     1 |       |       |       |       ||     1
       Sleeping          |       |     2 |     3 |     8 |     2 ||    15
       Petrifying        |       |       |       |       |     1 ||     1
       Petrified         |       |       |       |       |     1 ||     1
Armor: Robe              |    36 |    31 |    34 |   123 |   175 ||   399
       Skin              |       |       |       |     7 |       ||     7
Dodge: Dodged            |    63 |    64 |   127 |   312 |   288 ||   854
Block: Other             |       |       |     3 |    72 |       ||    75
       Reflection        |       |       |       |    15 |     7 ||    22
       Kite shield       |       |       |       |   230 |   572 ||   802
